 Dungeon Crawl Stone Soup version 0.29.0-4-gdea44cf6ec (webtiles) character file.

Game seed: 4022305426233040828

5232 qw the Grappler (level 10, -9/96 HPs)
             Began as a Troll Cinder Acolyte on Sept 2, 2022.
             Was a Priest of Ignis.
             Mangled by a shock serpent (shapeshifter) (13 damage)
             ... on level 8 of the Dungeon.
             The game lasted 00:08:08 (9052 turns).

qw the Grappler (Troll Cinder Acolyte)              Turns: 9052, Time: 00:08:08

Health: -9/96      AC: 13    Str: 28    XL:     10   Next: 35%
Magic:  10/10      EV:  9    Int: 10    God:    Ignis [***...]
Gold:   299        SH:  0    Dex:  5    Spells: 11/11 levels left

rFire   + . .      SeeInvis +     - Unarmed
rCold   + . .      Faith    .   (no shield)
rNeg    . . .      Spirit   .   a - +0 robe
rPois   .          Reflect  .   (helmet restricted)
rElec   .          Harm     .   g - +1 cloak
rCorr   .          Rampage  .   (gloves unavailable)
Will    .....                   (boots unavailable)
Stlth   +.........              j - amulet of the acrobat
HPRegen 1.06/turn               b - ring of protection from cold
MPRegen 0.12/turn               (no ring)

@: about to teleport, fiery-armoured
A: large, unfitting armour, claws 3, regeneration 1, shaggy fur 1, tough skin 1,
talons 1, see invisible
a: Renounce Religion, Fiery Armour, Foxfire Swarm, Rising Flame


You were on level 8 of the Dungeon.
You worshipped Ignis.
Ignis was most pleased with you.
You visited 1 branch of the dungeon, and saw 8 of its levels.

You collected 299 gold pieces.


Innate Abilities, Weirdness & Mutations

You are too large for most types of armour.
You have claws for hands.
Your natural rate of healing is unusually fast.
You are covered in fur. (AC +1)
You have tough skin. (AC +1)
You have sharp toenails.
You have supernaturally acute eyesight. (SInv)


   Skills:
 - Level 5.3 Fighting
 - Level 3.3 Throwing
 - Level 1.1 Armour
 - Level 1.1 Dodging
 + Level 13.7 Unarmed Combat
 - Level 1.0 Spellcasting
 - Level 2.1 Fire Magic


You had 11 spell levels left.
You didn't know any spells.
Your spell library contained the following spells:

 Spells                   Type           Power      Damage    Failure   Level
 Scorch                   Fire           8%         2d5       22%         2

Inventory:

Missiles
 c - 2 boomerangs (quivered)
Armour
 a - a +0 robe (worn)
 g - a +1 cloak (worn)
Jewellery
 b - a ring of protection from cold (left claw)
 f - a ring of ice
 j - an amulet of the acrobat (around neck)
Scrolls
 d - a scroll of identify
 h - 2 scrolls of teleportation
 l - a scroll of enchant weapon
Potions
 e - 3 potions of might
 i - 2 potions of curing
 k - 3 potions of mutation
 m - a potion of brilliance {unknown}
 n - a potion of attraction {unknown}

Dungeon Overview and Level Annotations

Branches:
Dungeon (8/15)             Temple (0/1) D:6
   Lair: D:8-11

Altars:
Dithmenos
Fedhas
Hepliaklqana
Kikubaaqudgha
Makhleb
Okawaru
Qazlal
Sif Muna
Vehumet
Xom
Zin
The Shining One

Annotations:
D:7 2 transporters


Message History

Enter note:
Enter note:
Enter note:
Enter note:
Enter note: You see here a +2 dagger of draining.
There is an open door here.
You now have 299 gold pieces (gained 13).
Found a sharpened gold wand.
Enter note: A shock serpent comes into view.
The shock serpent hisses angrily.
The shock serpent shoots out a bolt of lightning at you!
The bolt of electricity hits you!
Enter note:
9044 ||| Stepping ~*~*~tactically~*~*~ (hiding).
You start resting.
A shock serpent is nearby!
9046 ||| Stepping ~*~*~tactically~*~*~ (hiding).
You start resting.
The shock serpent bites you. The shock serpent shocks you!
You completely miss the shock serpent. Your claw misses the shock serpent.
The shock serpent bites you. The shock serpent shocks you!
You scratch the shock serpent. Your kick misses the shock serpent.
The shock serpent is lightly wounded.
The shock serpent shoots out a bolt of lightning at you!
The bolt of electricity hits you!!
9051 ||| INVOKING Fiery Armour.
A protective cloak of flame settles atop you.
The shock serpent bites you! The shock serpent shocks you!
The shock serpent is burned by your cloak of flames.
The shock serpent is lightly wounded.
The shock serpent bites you but does no damage.
The shock serpent is burned by your cloak of flames.
The shock serpent is moderately wounded.
9052 ||| READING 3 scrolls of teleportation.
As you read the scroll of teleportation, it crumbles to dust.
You feel strangely unstable. The shock serpent bites you.
The shock serpent shocks you!
You die...

#............ ##...
#............ #..S
#..........## #...
######....... #.. #)..####
#S. ####...###
#######.########........#
........#...............##
.#.###.#@..............#.
#.......S.......####'####.
#.#.#...#.#####......# #.
#.......##.........# ##.
..........#.........# #..
......./...#.........# #..
#..........#.........###..
...........#.........+....
#.........#.........####.


You could see a shock serpent.

Vanquished Creatures
  Pikel (D:4)
  A hornet (D:8)
  Eustachio (D:4)
  A wyvern (D:7)
  Menkaure (D:7)
  2 water moccasins
  An orc warrior (D:5)
  2 ice beasts (D:5)
  A sky beast (D:7)
  2 black bears
  An ogre (D:4)
  A centaur (D:7)
  A lemure (D:4)
  A phantom (D:5)
  A kobold brigand (D:8)
  5 bullfrogs
  2 gnoll sergeants
  3 necrophages
  4 scorpions
  22 wights
  3 killer bees (D:8)
  6 hounds
  2 jellies
  3 orc priests
  A gnoll bouda (D:5)
  7 iguanas
  3 orc wizards
  Ijyb (D:5)
  Natasha (thrice) (D:2)
  6 adders
  11 gnolls
  A shadow imp (D:5)
  A white imp (D:7)
  2 worms (D:2)
  A dart slug (D:3)
  36 orcs
  9 bats
  9 endoplasms
  4 giant cockroaches
  8 goblins
  A hobgoblin (D:2)
  2 jackals
  A quokka (D:1)
  5 ball pythons
  2 frilled lizards
  12 kobolds
  4 rats
198 creatures vanquished.

Notes
Turn   | Place    | Note
-------+----------+-------------------------------------------
     0 | D:1      | qw the Troll Cinder Acolyte began the quest for the Orb.
     0 | D:1      | Reached XP level 1. HP: 22/22 MP: 1/1
     0 | D:1      | 0 ||| qw: Version: 0.1-a-97-g2dd2ca4
     0 | D:1      | 0 ||| qw: Game counter: 4954
     0 | D:1      | 0 ||| qw: Always use a shield: true
     0 | D:1      | 0 ||| qw: God list: Okawaru
     0 | D:1      | 0 ||| qw: Allow faded altars: false
     0 | D:1      | 0 ||| qw: Do Orc after D:15 true
     0 | D:1      | 0 ||| qw: Do second Lair branch before Depths: true
     0 | D:1      | 0 ||| qw: Lair rune preference: random
     0 | D:1      | 0 ||| qw: Plans: Normal
     0 | D:1      | 0 ||| PLANNING D:1-11
   180 | D:1      | Reached XP level 2. HP: 29/29 MP: 2/2
   308 | D:1      | 308 ||| Stepping ~*~*~tactically~*~*~ (stealth).
   469 | D:1      | Reached skill level 4 in Unarmed Combat
   497 | D:1      | 497 ||| UPGRADING to +1 cloak.
   502 | D:1      | 502 ||| READING scroll labelled UXZACE BIDAA.
   503 | D:1      | 503 ||| READING scroll labelled MOOQIO YSERAK.
   504 | D:1      | 504 ||| DRINKING 2 glowing golden potions.
   853 | D:2      | Reached XP level 3. HP: 36/36 MP: 3/3
   994 | D:2      | Noticed Natasha
   995 | D:2      | 995 ||| Stepping ~*~*~tactically~*~*~ (hiding).
   999 | D:2      | Killed Natasha
  1000 | D:2      | Reached skill level 5 in Unarmed Combat
  1000 | D:2      | Reached XP level 4. HP: 38/44 MP: 4/4
  1011 | D:2      | 1011 ||| Stepping ~*~*~tactically~*~*~ (stealth).
  1012 | D:2      | 1012 ||| Stepping ~*~*~tactically~*~*~ (stealth).
  1019 | D:2      | 1019 ||| Stepping ~*~*~tactically~*~*~ (stealth).
  1025 | D:2      | 1025 ||| Stepping ~*~*~tactically~*~*~ (outnumbered).
  1026 | D:2      | 1026 ||| Stepping ~*~*~tactically~*~*~ (outnumbered).
  1253 | D:2      | 1253 ||| READING scroll labelled GUINNA KUIRAZ.
  1254 | D:2      | 1254 ||| READING scroll labelled UREIHA NIGUHU.
  1255 | D:2      | 1255 ||| READING scroll labelled YREES ZOEXOULY.
  1257 | D:2      | Noticed Natasha
  1260 | D:2      | Killed Natasha
  1362 | D:2      | 1362 ||| READING scroll labelled HOYL UC OCEIM.
  1363 | D:2      | 1363 ||| DRINKING 2 murky puce potions.
  1412 | D:2      | Noticed Natasha
  1422 | D:2      | Killed Natasha
  1544 | D:3      | 1544 ||| Stepping ~*~*~tactically~*~*~ (stealth).
  1546 | D:3      | 1546 ||| STAIRDANCE
  1552 | D:2      | 1552 ||| READING 2 scrolls of identify.
  1552 | D:2      | 1552 ||| IDENTIFYING inky potion
  1553 | D:2      | 1553 ||| DROPPING potion of invisibility.
  1556 | D:3      | 1556 ||| STAIRDANCE
  1609 | D:3      | Reached XP level 5. HP: 50/50 MP: 5/5
  1952 | D:3      | Reached skill level 6 in Unarmed Combat
  1963 | D:3      | 1963 ||| Stepping ~*~*~tactically~*~*~ (stealth).
  1965 | D:3      | 1965 ||| Stepping ~*~*~tactically~*~*~ (stealth).
  1973 | D:3      | 1973 ||| Stepping ~*~*~tactically~*~*~ (outnumbered).
  1978 | D:3      | 1978 ||| Stepping ~*~*~tactically~*~*~ (outnumbered).
  2024 | D:3      | 2024 ||| READING 4 scrolls labelled BEGOLE WUSUI.
  2025 | D:3      | 2025 ||| READING scroll labelled JEZIOL TEAL.
  2026 | D:3      | 2026 ||| DRINKING 2 glowing red potions.
  2026 | D:3      | Gained mutation: You have sharp toenails. [potion of
                  | mutation]
  2026 | D:3      | Gained mutation: You have supernaturally acute eyesight.
                  | (SInv) [potion of mutation]
  2027 | D:3      | 2027 ||| DROPPING 3 scrolls of fear.
  2039 | D:4      | Noticed a black bear
  2043 | D:4      | 2043 ||| STAIRDANCE
  2049 | D:3      | Killed a black bear
  2050 | D:3      | Reached XP level 6. HP: 52/59 MP: 6/6
  2072 | D:4      | Noticed Eustachio
  2077 | D:4      | 2077 ||| Stepping ~*~*~tactically~*~*~ (outnumbered).
  2078 | D:4      | 2078 ||| Stepping ~*~*~tactically~*~*~ (outnumbered).
  2080 | D:4      | 2080 ||| INVOKING Fiery Armour.
  2083 | D:4      | 2083 ||| Stepping ~*~*~tactically~*~*~ (outnumbered).
  2085 | D:4      | Reached skill level 7 in Unarmed Combat
  2090 | D:4      | 2090 ||| Stepping ~*~*~tactically~*~*~ (outnumbered).
  2100 | D:4      | Killed Eustachio
  2106 | D:4      | 2106 ||| FLEEEEING.
  2107 | D:4      | 2107 ||| FLEEEEING.
  2108 | D:4      | 2108 ||| FLEEEEING.
  2109 | D:4      | 2109 ||| FLEEEEING.
  2110 | D:4      | 2110 ||| FLEEEEING.
  2111 | D:4      | 2111 ||| FLEEEEING.
  2113 | D:4      | 2113 ||| FLEEEEING.
  2114 | D:4      | 2114 ||| FLEEEEING.
  2115 | D:4      | 2115 ||| FLEEEEING.
  2116 | D:4      | 2116 ||| STAIRDANCE
  2133 | D:4      | 2133 ||| STAIRDANCE
  2136 | D:3      | Reached skill level 8 in Unarmed Combat
  2157 | D:4      | Identified the +0 leather armour of the Mind {rPois Str+7}
  2191 | D:4      | 2191 ||| Stepping ~*~*~tactically~*~*~ (outnumbered).
  2195 | D:4      | Reached XP level 7. HP: 66/66 MP: 7/7
  2199 | D:4      | Reached skill level 3 in Fighting
  2341 | D:4      | Noticed Pikel
  2345 | D:4      | 2345 ||| INVOKING Fiery Armour.
  2346 | D:4      | 2346 ||| Stepping ~*~*~tactically~*~*~ (outnumbered).
  2347 | D:4      | 2347 ||| Stepping ~*~*~tactically~*~*~ (outnumbered).
  2360 | D:4      | Killed Pikel
  2361 | D:4      | Reached skill level 9 in Unarmed Combat
  2361 | D:4      | Reached XP level 8. HP: 62/75 MP: 8/8
  2458 | D:4      | Reached skill level 1 in Throwing
  2627 | D:4      | 2627 ||| UPGRADING to amulet of the acrobat.
  2632 | D:4      | 2632 ||| UPGRADING to ring of protection from cold.
  2633 | D:4      | 2633 ||| READING scroll labelled FENO XUEDWE.
  2634 | D:4      | 2634 ||| READING 2 scrolls of identify.
  2634 | D:4      | 2634 ||| IDENTIFYING grey potion
  2635 | D:4      | 2635 ||| DROPPING potion of berserk rage.
  2636 | D:4      | 2636 ||| READING 3 scrolls of teleportation.
  2657 | D:5      | Entered Level 5 of the Dungeon
  2660 | D:5      | Noticed Ijyb
  2661 | D:5      | 2661 ||| Stepping ~*~*~tactically~*~*~ (hiding).
  2671 | D:5      | 2671 ||| INVOKING Fiery Armour.
  2673 | D:5      | Killed Ijyb
  2674 | D:5      | 2674 ||| Stepping ~*~*~tactically~*~*~ (hiding).
  2677 | D:5      | 2677 ||| Stepping ~*~*~tactically~*~*~ (hiding).
  2678 | D:5      | 2678 ||| Stepping ~*~*~tactically~*~*~ (hiding).
  2685 | D:5      | Reached skill level 1 in Dodging
  2786 | D:5      | Reached skill level 10 in Unarmed Combat
  2858 | D:5      | 2858 ||| Stepping ~*~*~tactically~*~*~ (hiding).
  3206 | D:5      | 3206 ||| Stepping ~*~*~tactically~*~*~ (stealth).
  3207 | D:5      | 3207 ||| Stepping ~*~*~tactically~*~*~ (hiding).
  3231 | D:5      | 3231 ||| FLEEEEING.
  3232 | D:5      | 3232 ||| FLEEEEING.
  3234 | D:5      | 3234 ||| FLEEEEING.
  3235 | D:5      | 3235 ||| FLEEEEING.
  3247 | D:5      | 3247 ||| Stepping ~*~*~tactically~*~*~ (hiding).
  3283 | D:5      | 3283 ||| Stepping ~*~*~tactically~*~*~ (hiding).
  3451 | D:5      | 3451 ||| Stepping ~*~*~tactically~*~*~ (outnumbered).
  3524 | D:6      | 3524 ||| Stepping ~*~*~tactically~*~*~ (outnumbered).
  3525 | D:6      | 3525 ||| Stepping ~*~*~tactically~*~*~ (outnumbered).
  3528 | D:6      | 3528 ||| Stepping ~*~*~tactically~*~*~ (outnumbered).
  3529 | D:6      | 3529 ||| Stepping ~*~*~tactically~*~*~ (outnumbered).
  3530 | D:6      | 3530 ||| Stepping ~*~*~tactically~*~*~ (outnumbered).
  3532 | D:6      | 3532 ||| Stepping ~*~*~tactically~*~*~ (outnumbered).
  3533 | D:6      | 3533 ||| STAIRDANCE
  3535 | D:5      | 3535 ||| Stepping ~*~*~tactically~*~*~ (outnumbered).
  3538 | D:5      | Reached skill level 11 in Unarmed Combat
  3538 | D:5      | Reached XP level 9. HP: 63/84 MP: 9/9
  3538 | D:5      | 3538 ||| Stepping ~*~*~tactically~*~*~ (outnumbered).
  3539 | D:5      | 3539 ||| Stepping ~*~*~tactically~*~*~ (outnumbered).
  3567 | D:6      | 3567 ||| STAIRDANCE
  3574 | D:6      | 3574 ||| STAIRDANCE
  3599 | D:6      | 3599 ||| STAIRDANCE
  3626 | D:6      | 3626 ||| STAIRDANCE
  3650 | D:6      | 3650 ||| STAIRDANCE
  3661 | D:6      | 3661 ||| Stepping ~*~*~tactically~*~*~ (outnumbered).
  3663 | D:6      | 3663 ||| INVOKING Fiery Armour.
  3664 | D:6      | 3664 ||| STAIRDANCE
  3690 | D:6      | 3690 ||| STAIRDANCE
  3729 | D:6      | 3729 ||| FLEEEEING.
  3730 | D:6      | 3730 ||| STAIRDANCE
  3764 | D:6      | 3764 ||| Stepping ~*~*~tactically~*~*~ (hiding).
  3765 | D:6      | 3765 ||| Stepping ~*~*~tactically~*~*~ (hiding).
  3831 | D:6      | 3831 ||| Stepping ~*~*~tactically~*~*~ (stealth).
  3955 | D:6      | 3955 ||| Stepping ~*~*~tactically~*~*~ (stealth).
  3989 | D:6      | Reached skill level 12 in Unarmed Combat
  3990 | D:6      | Found a staircase to the Ecumenical Temple.
  4024 | D:6      | Found a burning altar of Makhleb.
  4230 | D:6      | 4230 ||| READING scroll labelled ELLIGO DESO.
  4252 | D:7      | 4252 ||| Stepping ~*~*~tactically~*~*~ (stealth).
  4324 | D:7      | Noticed Menkaure
  4325 | D:7      | 4325 ||| FLEEEEING.
  4331 | D:7      | 4331 ||| STAIRDANCE
  4369 | D:7      | 4369 ||| Stepping ~*~*~tactically~*~*~ (hiding).
  4377 | D:7      | Killed Menkaure
  4378 | D:7      | Reached skill level 3 in Throwing
  4388 | D:7      | Found a transporter.
  4392 | D:7      | Noticed a kobold demonologist
  4400 | D:7      | 4400 ||| Stepping ~*~*~tactically~*~*~ (hiding).
  4433 | D:7      | Found a transporter.
  4440 | D:7      | Noticed a kobold demonologist
  4546 | D:7      | Found a glowing golden altar of the Shining One.
  4593 | D:7      | Identified the +3 sling of Dishonour {venom, +Blink Str+4
                  | Dex+3}
  4608 | D:7      | Found an iron altar of Okawaru.
  4725 | D:7      | Found a blossoming altar of Fedhas.
  4727 | D:7      | 4727 ||| FLEEEEING.
  4728 | D:7      | 4728 ||| FLEEEEING.
  4729 | D:7      | 4729 ||| FLEEEEING.
  4732 | D:7      | 4732 ||| FLEEEEING.
  4750 | D:7      | 4750 ||| FLEEEEING.
  4768 | D:7      | 4768 ||| FLEEEEING.
  4769 | D:7      | 4769 ||| FLEEEEING.
  4770 | D:7      | 4770 ||| FLEEEEING.
  4771 | D:7      | 4771 ||| FLEEEEING.
  4772 | D:7      | 4772 ||| FLEEEEING.
  4773 | D:7      | 4773 ||| FLEEEEING.
  4774 | D:7      | 4774 ||| FLEEEEING.
  4818 | D:7      | 4818 ||| FLEEEEING.
  4819 | D:7      | 4819 ||| FLEEEEING.
  4820 | D:7      | 4820 ||| FLEEEEING.
  4821 | D:7      | 4821 ||| FLEEEEING.
  4822 | D:7      | 4822 ||| FLEEEEING.
  4823 | D:7      | 4823 ||| FLEEEEING.
  4824 | D:7      | 4824 ||| FLEEEEING.
  4843 | D:7      | 4843 ||| FLEEEEING.
  4870 | D:7      | 4870 ||| FLEEEEING.
  4871 | D:7      | 4871 ||| FLEEEEING.
  4872 | D:7      | 4872 ||| FLEEEEING.
  4873 | D:7      | 4873 ||| FLEEEEING.
  4874 | D:7      | 4874 ||| FLEEEEING.
  4875 | D:7      | 4875 ||| FLEEEEING.
  4926 | D:7      | 4926 ||| FLEEEEING.
  4929 | D:7      | 4929 ||| FLEEEEING.
  4930 | D:7      | 4930 ||| FLEEEEING.
  4946 | D:7      | 4946 ||| FLEEEEING.
  4975 | D:7      | 4975 ||| FLEEEEING.
  4976 | D:7      | 4976 ||| FLEEEEING.
  4977 | D:7      | 4977 ||| FLEEEEING.
  4978 | D:7      | 4978 ||| FLEEEEING.
  4979 | D:7      | 4979 ||| FLEEEEING.
  5018 | D:7      | 5018 ||| FLEEEEING.
  5032 | D:7      | 5032 ||| FLEEEEING.
  5033 | D:7      | 5033 ||| FLEEEEING.
  5034 | D:7      | 5034 ||| FLEEEEING.
  5035 | D:7      | 5035 ||| FLEEEEING.
  5036 | D:7      | 5036 ||| FLEEEEING.
  5065 | D:7      | 5065 ||| FLEEEEING.
  5066 | D:7      | 5066 ||| FLEEEEING.
  5067 | D:7      | 5067 ||| FLEEEEING.
  5068 | D:7      | 5068 ||| FLEEEEING.
  5070 | D:7      | 5070 ||| FLEEEEING.
  5102 | D:7      | 5102 ||| FLEEEEING.
  5103 | D:7      | 5103 ||| FLEEEEING.
  5104 | D:7      | 5104 ||| FLEEEEING.
  5116 | D:7      | 5116 ||| FLEEEEING.
  5134 | D:7      | 5134 ||| FLEEEEING.
  5135 | D:7      | 5135 ||| FLEEEEING.
  5136 | D:7      | 5136 ||| FLEEEEING.
  5161 | D:7      | 5161 ||| FLEEEEING.
  5162 | D:7      | 5162 ||| FLEEEEING.
  5163 | D:7      | 5163 ||| FLEEEEING.
  5191 | D:7      | 5191 ||| FLEEEEING.
  5192 | D:7      | 5192 ||| FLEEEEING.
  5213 | D:7      | 5213 ||| FLEEEEING.
  5214 | D:7      | 5214 ||| FLEEEEING.
  5215 | D:7      | 5215 ||| FLEEEEING.
  5216 | D:7      | 5216 ||| FLEEEEING.
  5247 | D:7      | 5247 ||| FLEEEEING.
  5248 | D:7      | 5248 ||| FLEEEEING.
  5279 | D:7      | 5279 ||| FLEEEEING.
  5281 | D:7      | 5281 ||| FLEEEEING.
  5282 | D:7      | 5282 ||| FLEEEEING.
  5312 | D:7      | 5312 ||| FLEEEEING.
  5313 | D:7      | 5313 ||| FLEEEEING.
  5314 | D:7      | 5314 ||| FLEEEEING.
  5315 | D:7      | 5315 ||| FLEEEEING.
  5316 | D:7      | 5316 ||| FLEEEEING.
  5354 | D:7      | 5354 ||| FLEEEEING.
  5355 | D:7      | 5355 ||| FLEEEEING.
  5356 | D:7      | 5356 ||| FLEEEEING.
  5374 | D:7      | 5374 ||| FLEEEEING.
  5375 | D:7      | 5375 ||| FLEEEEING.
  5377 | D:7      | 5377 ||| FLEEEEING.
  5378 | D:7      | 5378 ||| FLEEEEING.
  5379 | D:7      | 5379 ||| FLEEEEING.
  5395 | D:7      | 5395 ||| FLEEEEING.
  5396 | D:7      | 5396 ||| FLEEEEING.
  5430 | D:7      | 5430 ||| FLEEEEING.
  5431 | D:7      | 5431 ||| FLEEEEING.
  5433 | D:7      | 5433 ||| FLEEEEING.
  5456 | D:7      | 5456 ||| FLEEEEING.
  5457 | D:7      | 5457 ||| FLEEEEING.
  5458 | D:7      | 5458 ||| FLEEEEING.
  5459 | D:7      | 5459 ||| FLEEEEING.
  5460 | D:7      | 5460 ||| FLEEEEING.
  5493 | D:7      | 5493 ||| FLEEEEING.
  5510 | D:7      | 5510 ||| FLEEEEING.
  5544 | D:7      | 5544 ||| FLEEEEING.
  5547 | D:7      | 5547 ||| FLEEEEING.
  5548 | D:7      | 5548 ||| FLEEEEING.
  5549 | D:7      | 5549 ||| FLEEEEING.
  5550 | D:7      | 5550 ||| FLEEEEING.
  5580 | D:7      | 5580 ||| FLEEEEING.
  5601 | D:7      | 5601 ||| FLEEEEING.
  5602 | D:7      | 5602 ||| FLEEEEING.
  5603 | D:7      | 5603 ||| FLEEEEING.
  5604 | D:7      | 5604 ||| FLEEEEING.
  5607 | D:7      | 5607 ||| FLEEEEING.
  5608 | D:7      | 5608 ||| FLEEEEING.
  5609 | D:7      | 5609 ||| FLEEEEING.
  5626 | D:7      | 5626 ||| FLEEEEING.
  5642 | D:7      | 5642 ||| FLEEEEING.
  5643 | D:7      | 5643 ||| FLEEEEING.
  5644 | D:7      | 5644 ||| FLEEEEING.
  5646 | D:7      | 5646 ||| FLEEEEING.
  5647 | D:7      | 5647 ||| FLEEEEING.
  5648 | D:7      | 5648 ||| FLEEEEING.
  5649 | D:7      | 5649 ||| FLEEEEING.
  5650 | D:7      | 5650 ||| FLEEEEING.
  5651 | D:7      | 5651 ||| FLEEEEING.
  5692 | D:7      | 5692 ||| FLEEEEING.
  5693 | D:7      | 5693 ||| FLEEEEING.
  5694 | D:7      | 5694 ||| FLEEEEING.
  5724 | D:7      | 5724 ||| FLEEEEING.
  5734 | D:7      | 5734 ||| FLEEEEING.
  5735 | D:7      | 5735 ||| FLEEEEING.
  5748 | D:7      | 5748 ||| FLEEEEING.
  5771 | D:7      | 5771 ||| FLEEEEING.
  5772 | D:7      | 5772 ||| FLEEEEING.
  5812 | D:7      | 5812 ||| FLEEEEING.
  5830 | D:7      | 5830 ||| FLEEEEING.
  5870 | D:7      | 5870 ||| FLEEEEING.
  5871 | D:7      | 5871 ||| FLEEEEING.
  5872 | D:7      | 5872 ||| FLEEEEING.
  5902 | D:7      | 5902 ||| FLEEEEING.
  5923 | D:7      | 5923 ||| FLEEEEING.
  5924 | D:7      | 5924 ||| FLEEEEING.
  5925 | D:7      | 5925 ||| FLEEEEING.
  5926 | D:7      | 5926 ||| FLEEEEING.
  5927 | D:7      | 5927 ||| FLEEEEING.
  5928 | D:7      | 5928 ||| FLEEEEING.
  5954 | D:7      | 5954 ||| FLEEEEING.
  5955 | D:7      | 5955 ||| FLEEEEING.
  5956 | D:7      | 5956 ||| FLEEEEING.
  5978 | D:7      | 5978 ||| FLEEEEING.
  5979 | D:7      | 5979 ||| FLEEEEING.
  5982 | D:7      | 5982 ||| FLEEEEING.
  5983 | D:7      | 5983 ||| FLEEEEING.
  5984 | D:7      | 5984 ||| FLEEEEING.
  6006 | D:7      | 6006 ||| FLEEEEING.
  6020 | D:7      | 6020 ||| FLEEEEING.
  6021 | D:7      | 6021 ||| FLEEEEING.
  6056 | D:7      | 6056 ||| FLEEEEING.
  6057 | D:7      | 6057 ||| FLEEEEING.
  6058 | D:7      | 6058 ||| FLEEEEING.
  6059 | D:7      | 6059 ||| FLEEEEING.
  6060 | D:7      | 6060 ||| FLEEEEING.
  6061 | D:7      | 6061 ||| FLEEEEING.
  6062 | D:7      | 6062 ||| FLEEEEING.
  6108 | D:7      | 6108 ||| FLEEEEING.
  6109 | D:7      | 6109 ||| FLEEEEING.
  6110 | D:7      | 6110 ||| FLEEEEING.
  6146 | D:7      | 6146 ||| FLEEEEING.
  6147 | D:7      | 6147 ||| FLEEEEING.
  6153 | D:7      | 6153 ||| FLEEEEING.
  6158 | D:7      | 6158 ||| FLEEEEING.
  6159 | D:7      | 6159 ||| FLEEEEING.
  6161 | D:7      | 6161 ||| FLEEEEING.
  6195 | D:7      | 6195 ||| FLEEEEING.
  6196 | D:7      | 6196 ||| FLEEEEING.
  6197 | D:7      | 6197 ||| FLEEEEING.
  6226 | D:7      | 6226 ||| FLEEEEING.
  6227 | D:7      | 6227 ||| FLEEEEING.
  6228 | D:7      | 6228 ||| FLEEEEING.
  6229 | D:7      | 6229 ||| FLEEEEING.
  6230 | D:7      | 6230 ||| FLEEEEING.
  6260 | D:7      | 6260 ||| FLEEEEING.
  6278 | D:7      | 6278 ||| FLEEEEING.
  6333 | D:7      | 6333 ||| FLEEEEING.
  6334 | D:7      | 6334 ||| FLEEEEING.
  6338 | D:7      | 6338 ||| FLEEEEING.
  6339 | D:7      | 6339 ||| FLEEEEING.
  6340 | D:7      | 6340 ||| FLEEEEING.
  6341 | D:7      | 6341 ||| FLEEEEING.
  6370 | D:7      | 6370 ||| FLEEEEING.
  6371 | D:7      | 6371 ||| FLEEEEING.
  6372 | D:7      | 6372 ||| FLEEEEING.
  6389 | D:7      | 6389 ||| FLEEEEING.
  6407 | D:7      | 6407 ||| FLEEEEING.
  6408 | D:7      | 6408 ||| FLEEEEING.
  6409 | D:7      | 6409 ||| FLEEEEING.
  6410 | D:7      | 6410 ||| FLEEEEING.
  6411 | D:7      | 6411 ||| FLEEEEING.
  6412 | D:7      | 6412 ||| FLEEEEING.
  6413 | D:7      | 6413 ||| FLEEEEING.
  6461 | D:7      | 6461 ||| FLEEEEING.
  6462 | D:7      | 6462 ||| FLEEEEING.
  6463 | D:7      | 6463 ||| FLEEEEING.
  6478 | D:7      | 6478 ||| FLEEEEING.
  6479 | D:7      | 6479 ||| FLEEEEING.
  6480 | D:7      | 6480 ||| FLEEEEING.
  6481 | D:7      | 6481 ||| FLEEEEING.
  6482 | D:7      | 6482 ||| FLEEEEING.
  6483 | D:7      | 6483 ||| FLEEEEING.
  6513 | D:7      | 6513 ||| FLEEEEING.
  6514 | D:7      | 6514 ||| FLEEEEING.
  6545 | D:7      | 6545 ||| FLEEEEING.
  6547 | D:7      | 6547 ||| FLEEEEING.
  6573 | D:7      | 6573 ||| FLEEEEING.
  6588 | D:7      | 6588 ||| FLEEEEING.
  6589 | D:7      | 6589 ||| FLEEEEING.
  6590 | D:7      | 6590 ||| FLEEEEING.
  6591 | D:7      | 6591 ||| FLEEEEING.
  6592 | D:7      | 6592 ||| FLEEEEING.
  6622 | D:7      | 6622 ||| FLEEEEING.
  6623 | D:7      | 6623 ||| FLEEEEING.
  6624 | D:7      | 6624 ||| FLEEEEING.
  6625 | D:7      | 6625 ||| FLEEEEING.
  6626 | D:7      | 6626 ||| FLEEEEING.
  6651 | D:7      | 6651 ||| FLEEEEING.
  6653 | D:7      | 6653 ||| FLEEEEING.
  6685 | D:7      | 6685 ||| FLEEEEING.
  6686 | D:7      | 6686 ||| FLEEEEING.
  6687 | D:7      | 6687 ||| FLEEEEING.
  6708 | D:7      | 6708 ||| FLEEEEING.
  6714 | D:7      | 6714 ||| FLEEEEING.
  6715 | D:7      | 6715 ||| FLEEEEING.
  6716 | D:7      | 6716 ||| FLEEEEING.
  6717 | D:7      | 6717 ||| FLEEEEING.
  6751 | D:7      | 6751 ||| FLEEEEING.
  6752 | D:7      | 6752 ||| FLEEEEING.
  6793 | D:7      | 6793 ||| FLEEEEING.
  6794 | D:7      | 6794 ||| FLEEEEING.
  6795 | D:7      | 6795 ||| FLEEEEING.
  6796 | D:7      | 6796 ||| FLEEEEING.
  6797 | D:7      | 6797 ||| FLEEEEING.
  6798 | D:7      | 6798 ||| FLEEEEING.
  6799 | D:7      | 6799 ||| FLEEEEING.
  6800 | D:7      | 6800 ||| FLEEEEING.
  6801 | D:7      | 6801 ||| FLEEEEING.
  6802 | D:7      | 6802 ||| FLEEEEING.
  6833 | D:7      | 6833 ||| FLEEEEING.
  6843 | D:7      | 6843 ||| FLEEEEING.
  6867 | D:7      | 6867 ||| FLEEEEING.
  6869 | D:7      | 6869 ||| FLEEEEING.
  6870 | D:7      | 6870 ||| FLEEEEING.
  6871 | D:7      | 6871 ||| FLEEEEING.
  6872 | D:7      | 6872 ||| FLEEEEING.
  6873 | D:7      | 6873 ||| FLEEEEING.
  6874 | D:7      | 6874 ||| FLEEEEING.
  6898 | D:7      | 6898 ||| FLEEEEING.
  6927 | D:7      | 6927 ||| FLEEEEING.
  6928 | D:7      | 6928 ||| FLEEEEING.
  6929 | D:7      | 6929 ||| FLEEEEING.
  6930 | D:7      | 6930 ||| FLEEEEING.
  6931 | D:7      | 6931 ||| FLEEEEING.
  6944 | D:7      | 6944 ||| FLEEEEING.
  6957 | D:7      | 6957 ||| FLEEEEING.
  6958 | D:7      | 6958 ||| FLEEEEING.
  6959 | D:7      | 6959 ||| FLEEEEING.
  6960 | D:7      | 6960 ||| FLEEEEING.
  6961 | D:7      | 6961 ||| FLEEEEING.
  6976 | D:7      | 6976 ||| FLEEEEING.
  6986 | D:7      | 6986 ||| FLEEEEING.
  7001 | D:7      | 7001 ||| FLEEEEING.
  7003 | D:7      | 7003 ||| FLEEEEING.
  7005 | D:7      | 7005 ||| FLEEEEING.
  7006 | D:7      | 7006 ||| FLEEEEING.
  7035 | D:7      | 7035 ||| FLEEEEING.
  7059 | D:7      | 7059 ||| FLEEEEING.
  7060 | D:7      | 7060 ||| FLEEEEING.
  7061 | D:7      | 7061 ||| FLEEEEING.
  7062 | D:7      | 7062 ||| FLEEEEING.
  7063 | D:7      | 7063 ||| FLEEEEING.
  7064 | D:7      | 7064 ||| FLEEEEING.
  7065 | D:7      | 7065 ||| FLEEEEING.
  7066 | D:7      | 7066 ||| FLEEEEING.
  7067 | D:7      | 7067 ||| FLEEEEING.
  7068 | D:7      | 7068 ||| FLEEEEING.
  7081 | D:7      | 7081 ||| FLEEEEING.
  7115 | D:7      | 7115 ||| FLEEEEING.
  7171 | D:7      | 7171 ||| FLEEEEING.
  7174 | D:7      | 7174 ||| FLEEEEING.
  7175 | D:7      | 7175 ||| FLEEEEING.
  7176 | D:7      | 7176 ||| FLEEEEING.
  7177 | D:7      | 7177 ||| FLEEEEING.
  7178 | D:7      | 7178 ||| FLEEEEING.
  7179 | D:7      | 7179 ||| FLEEEEING.
  7217 | D:7      | 7217 ||| FLEEEEING.
  7223 | D:7      | 7223 ||| FLEEEEING.
  7237 | D:7      | 7237 ||| FLEEEEING.
  7238 | D:7      | 7238 ||| FLEEEEING.
  7239 | D:7      | 7239 ||| FLEEEEING.
  7271 | D:7      | 7271 ||| FLEEEEING.
  7279 | D:7      | 7279 ||| FLEEEEING.
  7280 | D:7      | 7280 ||| FLEEEEING.
  7281 | D:7      | 7281 ||| FLEEEEING.
  7282 | D:7      | 7282 ||| FLEEEEING.
  7283 | D:7      | 7283 ||| FLEEEEING.
  7332 | D:7      | 7332 ||| FLEEEEING.
  7333 | D:7      | 7333 ||| FLEEEEING.
  7334 | D:7      | 7334 ||| FLEEEEING.
  7335 | D:7      | 7335 ||| FLEEEEING.
  7369 | D:7      | 7369 ||| FLEEEEING.
  7391 | D:7      | 7391 ||| FLEEEEING.
  7392 | D:7      | 7392 ||| FLEEEEING.
  7409 | D:7      | 7409 ||| FLEEEEING.
  7410 | D:7      | 7410 ||| FLEEEEING.
  7429 | D:7      | 7429 ||| FLEEEEING.
  7430 | D:7      | 7430 ||| FLEEEEING.
  7431 | D:7      | 7431 ||| FLEEEEING.
  7432 | D:7      | 7432 ||| FLEEEEING.
  7457 | D:7      | 7457 ||| FLEEEEING.
  7458 | D:7      | 7458 ||| FLEEEEING.
  7477 | D:7      | 7477 ||| FLEEEEING.
  7478 | D:7      | 7478 ||| FLEEEEING.
  7479 | D:7      | 7479 ||| FLEEEEING.
  7480 | D:7      | 7480 ||| FLEEEEING.
  7495 | D:7      | 7495 ||| FLEEEEING.
  7496 | D:7      | 7496 ||| FLEEEEING.
  7508 | D:7      | 7508 ||| FLEEEEING.
  7509 | D:7      | 7509 ||| FLEEEEING.
  7510 | D:7      | 7510 ||| FLEEEEING.
  7532 | D:7      | 7532 ||| FLEEEEING.
  7535 | D:7      | 7535 ||| FLEEEEING.
  7536 | D:7      | 7536 ||| FLEEEEING.
  7537 | D:7      | 7537 ||| FLEEEEING.
  7538 | D:7      | 7538 ||| FLEEEEING.
  7539 | D:7      | 7539 ||| FLEEEEING.
  7540 | D:7      | 7540 ||| FLEEEEING.
  7541 | D:7      | 7541 ||| FLEEEEING.
  7567 | D:7      | 7567 ||| FLEEEEING.
  7579 | D:7      | 7579 ||| FLEEEEING.
  7580 | D:7      | 7580 ||| FLEEEEING.
  7581 | D:7      | 7581 ||| FLEEEEING.
  7603 | D:7      | 7603 ||| FLEEEEING.
  7604 | D:7      | 7604 ||| FLEEEEING.
  7605 | D:7      | 7605 ||| FLEEEEING.
  7606 | D:7      | 7606 ||| FLEEEEING.
  7607 | D:7      | 7607 ||| FLEEEEING.
  7660 | D:7      | 7660 ||| FLEEEEING.
  7661 | D:7      | 7661 ||| FLEEEEING.
  7662 | D:7      | 7662 ||| FLEEEEING.
  7663 | D:7      | 7663 ||| FLEEEEING.
  7664 | D:7      | 7664 ||| FLEEEEING.
  7665 | D:7      | 7665 ||| FLEEEEING.
  7666 | D:7      | 7666 ||| FLEEEEING.
  7749 | D:7      | 7749 ||| FLEEEEING.
  7750 | D:7      | 7750 ||| FLEEEEING.
  7751 | D:7      | 7751 ||| FLEEEEING.
  7752 | D:7      | 7752 ||| FLEEEEING.
  7753 | D:7      | 7753 ||| FLEEEEING.
  7754 | D:7      | 7754 ||| FLEEEEING.
  7844 | D:7      | 7844 ||| INVOKING Fiery Armour.
  7894 | D:7      | HP: 20/88 [centaur/arrow (8)]
  7895 | D:7      | 7895 ||| READING 3 scrolls of teleportation.
  7896 | D:7      | HP: 9/88 [centaur/arrow (3)]
  7979 | D:7      | Found a hazy altar of Hepliaklqana.
  7981 | D:7      | Found a shimmering blue altar of Sif Muna.
  7982 | D:7      | Found a radiant altar of Vehumet.
  7983 | D:7      | Found an ancient bone altar of Kikubaaqudgha.
  7983 | D:7      | Found a glowing silver altar of Zin.
  7983 | D:7      | Found a shadowy altar of Dithmenos.
  7984 | D:7      | Found a shimmering altar of Xom.
  8073 | D:7      | Reached XP level 10. HP: 77/95 MP: 10/10
  8109 | D:7      | 8109 ||| Stepping ~*~*~tactically~*~*~ (hiding).
  8400 | D:8      | Reached skill level 13 in Unarmed Combat
  8420 | D:8      | 8420 ||| FLEEEEING.
  8440 | D:8      | 8440 ||| Stepping ~*~*~tactically~*~*~ (stealth).
  8444 | D:8      | 8444 ||| Stepping ~*~*~tactically~*~*~ (stealth).
  8446 | D:8      | 8446 ||| Stepping ~*~*~tactically~*~*~ (stealth).
  8450 | D:8      | 8450 ||| Stepping ~*~*~tactically~*~*~ (stealth).
  8494 | D:8      | Found a stormy altar of Qazlal.
  8535 | D:8      | Reached skill level 1 in Armour
  8657 | D:8      | 8657 ||| Stepping ~*~*~tactically~*~*~ (hiding).
  8658 | D:8      | 8658 ||| Stepping ~*~*~tactically~*~*~ (hiding).
  8798 | D:8      | 8798 ||| Stepping ~*~*~tactically~*~*~ (stealth).
  8803 | D:8      | 8803 ||| Stepping ~*~*~tactically~*~*~ (hiding).
  8809 | D:8      | 8809 ||| Stepping ~*~*~tactically~*~*~ (outnumbered).
  8810 | D:8      | 8810 ||| Stepping ~*~*~tactically~*~*~ (outnumbered).
  8821 | D:8      | 8821 ||| Stepping ~*~*~tactically~*~*~ (outnumbered).
  8822 | D:8      | 8822 ||| Stepping ~*~*~tactically~*~*~ (outnumbered).
  9043 | D:8      | Noticed a shock serpent
  9044 | D:8      | 9044 ||| Stepping ~*~*~tactically~*~*~ (hiding).
  9046 | D:8      | 9046 ||| Stepping ~*~*~tactically~*~*~ (hiding).
  9051 | D:8      | 9051 ||| INVOKING Fiery Armour.
  9051 | D:8      | HP: 20/96 [shock serpent (shapeshifter) (13)]
  9051 | D:8      | HP: 6/96 [shock serpent (shapeshifter) (14)]
  9052 | D:8      | 9052 ||| READING 3 scrolls of teleportation.
  9052 | D:8      | Mangled by a shock serpent (shapeshifter)

Levels and vault maps discovered:
D:1:      saegor_arrival_miasma, layout_rooms, minmay_misc_feat_more_columns,
          corexii_item_surrounded_by_moat, skrybe_limestone_x,
          kennysheep_minor_cross, minmay_octomino_e4
D:2:      layout_basic, kennysheep_generic_room_10, uniq_natasha
D:3:      layout_basic
D:4:      layout_cave_pools, kennysheep_generic_room_7, uniq_pikel,
          uniq_eustachio
D:5:      layout_loops_cross, uniq_ijyb
D:6:      layout_rooms, mainiacjoe_overflow_24_doors, minmay_temple_entry_mist
D:7:      gammafunk_wand_slinger, layout_basic, grunt_temple_overflow_open,
          mainiacjoe_overflow_catwalk_spiral, tso_altar, uniq_menkaure
D:8:      minmay_opposing_rooms, layout_basic, nicolae_qazlal_general_emergency

Skill      XL: |  1  2  3  4  5  6  7  8  9 10 |
---------------+-------------------------------+-----
Unarmed Combat | 4 5 6 8 9 11 12 13 | 13.7
Fighting       | 3 4 5 |  5.3
Throwing       | 2 3 |  3.3
Dodging        | 1 |  1.1
Armour         | 1 |  1.1
Spellcasting   | |  1.0
Fire Magic     | |  2.1

Action                   |  1- 3 |  4- 6 |  7- 9 | 10-12 || total
-------------------------+-------+-------+-------+-------++-------
Melee: Unarmed           |    68 |    91 |   222 |    67 ||   448
       Punch             |     2 |     3 |     3 |     5 ||    13
       Kick              |       |     3 |    38 |    11 ||    52
Throw: Boomerang         |    28 |    32 |    20 |    12 ||    92
       Javelin           |       |       |    43 |       ||    43
Invok: Fiery Armour      |       |     1 |     4 |     1 ||     6
  Use: Scroll            |     2 |     7 |     5 |     1 ||    15
       Potion            |     1 |     2 |       |       ||     3
Armor: Robe              |    27 |    55 |    84 |    15 ||   181
Dodge: Dodged            |    41 |    52 |   920 |    34 ||  1047

Table legend:
 A = Non-vault XP
 B = Vault XP
 C = Vault XP percentage of total XP
 D = Non-vault monster count
 E = Vault monster count
 F = Vault count percentage of total count
                 A         B        C        D         E       F
            +---------+---------+-------+---------+---------+-------
      Total |    6385 |    1090 |  14.6 |     187 |      10 |   5.1
            +---------+---------+-------+---------+---------+-------
        D:1 |      25 |       5 |  16.7 |      18 |       3 |  14.3
        D:2 |     112 |      48 |  30.0 |      16 |       2 |  11.1
        D:3 |     316 |       0 |   0.0 |      22 |       0 |   0.0
        D:4 |     293 |     832 |  74.0 |      11 |       3 |  21.4
        D:5 |    1540 |      36 |   2.3 |      40 |       1 |   2.4
        D:6 |     574 |       0 |   0.0 |      22 |       0 |   0.0
        D:7 |    1788 |     169 |   8.6 |      23 |       1 |   4.2
        D:8 |    1737 |       0 |   0.0 |      35 |       0 |   0.0
            +---------+---------+-------+---------+---------+-------
